Workbook

Sheet Overzicht
B2: Pubquiz Vragenpakket
B3: 4243 kant-en-klare vragen met antwoorden, verdeeld over 50 categorieën
B5: Zo gebruik je dit pakket:
B6: • Ga naar het tabblad 'Alle vragen' onderaan.
B7: • Klik op de filterpijltjes in de koprij om te filteren op Categorie of Niveau.
B8: • Stel je eigen ronde samen: kies bijv. 5 makkelijke, 5 gemiddelde en 5 moeilijke vragen uit één categorie.
B9: • Kolom 'Antwoord' kun je verbergen tijdens het spelen (rechtsklik op de kolom, Verbergen).
B10: • Niveaus: Makkelijk (instappers) • Gemiddeld (de gemiddelde quizzer) • Moeilijk (voor de fanatiekelingen).
B12: Categorie | C12: Makkelijk | D12: Gemiddeld | E12: Moeilijk | F12: Totaal
B13: Aardrijkskunde | C13: =COUNTIFS('Alle vragen'!$B:$B,$B13,'Alle vragen'!$C:$C,C$12) | D13: =COUNTIFS('Alle vragen'!$B:$B,$B13,'Alle vragen'!$C:$C,D$12) | E13: =COUNTIFS('Alle vragen'!$B:$B,$B13,'Alle vragen'!$C:$C,E$12) | F13: =SUM(C13:E13)
B14: Auto's & Voertuigen | C14: =COUNTIFS('Alle vragen'!$B:$B,$B14,'Alle vragen'!$C:$C,C$12) | D14: =COUNTIFS('Alle vragen'!$B:$B,$B14,'Alle vragen'!$C:$C,D$12) | E14: =COUNTIFS('Alle vragen'!$B:$B,$B14,'Alle vragen'!$C:$C,E$12) | F14: =SUM(C14:E14)
B15: België | C15: =COUNTIFS('Alle vragen'!$B:$B,$B15,'Alle vragen'!$C:$C,C$12) | D15: =COUNTIFS('Alle vragen'!$B:$B,$B15,'Alle vragen'!$C:$C,D$12) | E15: =COUNTIFS('Alle vragen'!$B:$B,$B15,'Alle vragen'!$C:$C,E$12) | F15: =SUM(C15:E15)
B16: Beroemde Bouwwerken | C16: =COUNTIFS('Alle vragen'!$B:$B,$B16,'Alle vragen'!$C:$C,C$12) | D16: =COUNTIFS('Alle vragen'!$B:$B,$B16,'Alle vragen'!$C:$C,D$12) | E16: =COUNTIFS('Alle vragen'!$B:$B,$B16,'Alle vragen'!$C:$C,E$12) | F16: =SUM(C16:E16)
B17: Beroepen & Werk | C17: =COUNTIFS('Alle vragen'!$B:$B,$B17,'Alle vragen'!$C:$C,C$12) | D17: =COUNTIFS('Alle vragen'!$B:$B,$B17,'Alle vragen'!$C:$C,D$12) | E17: =COUNTIFS('Alle vragen'!$B:$B,$B17,'Alle vragen'!$C:$C,E$12) | F17: =SUM(C17:E17)
B18: Biologie & Lichaam | C18: =COUNTIFS('Alle vragen'!$B:$B,$B18,'Alle vragen'!$C:$C,C$12) | D18: =COUNTIFS('Alle vragen'!$B:$B,$B18,'Alle vragen'!$C:$C,D$12) | E18: =COUNTIFS('Alle vragen'!$B:$B,$B18,'Alle vragen'!$C:$C,E$12) | F18: =SUM(C18:E18)
B19: Bordspellen & Kaartspellen | C19: =COUNTIFS('Alle vragen'!$B:$B,$B19,'Alle vragen'!$C:$C,C$12) | D19: =COUNTIFS('Alle vragen'!$B:$B,$B19,'Alle vragen'!$C:$C,D$12) | E19: =COUNTIFS('Alle vragen'!$B:$B,$B19,'Alle vragen'!$C:$C,E$12) | F19: =SUM(C19:E19)
B20: Dieren | C20: =COUNTIFS('Alle vragen'!$B:$B,$B20,'Alle vragen'!$C:$C,C$12) | D20: =COUNTIFS('Alle vragen'!$B:$B,$B20,'Alle vragen'!$C:$C,D$12) | E20: =COUNTIFS('Alle vragen'!$B:$B,$B20,'Alle vragen'!$C:$C,E$12) | F20: =SUM(C20:E20)
B21: Dinosauriërs & Prehistorie | C21: =COUNTIFS('Alle vragen'!$B:$B,$B21,'Alle vragen'!$C:$C,C$12) | D21: =COUNTIFS('Alle vragen'!$B:$B,$B21,'Alle vragen'!$C:$C,D$12) | E21: =COUNTIFS('Alle vragen'!$B:$B,$B21,'Alle vragen'!$C:$C,E$12) | F21: =SUM(C21:E21)
B22: Eten & Drinken | C22: =COUNTIFS('Alle vragen'!$B:$B,$B22,'Alle vragen'!$C:$C,C$12) | D22: =COUNTIFS('Alle vragen'!$B:$B,$B22,'Alle vragen'!$C:$C,D$12) | E22: =COUNTIFS('Alle vragen'!$B:$B,$B22,'Alle vragen'!$C:$C,E$12) | F22: =SUM(C22:E22)
B23: Feestdagen & Tradities | C23: =COUNTIFS('Alle vragen'!$B:$B,$B23,'Alle vragen'!$C:$C,C$12) | D23: =COUNTIFS('Alle vragen'!$B:$B,$B23,'Alle vragen'!$C:$C,D$12) | E23: =COUNTIFS('Alle vragen'!$B:$B,$B23,'Alle vragen'!$C:$C,E$12) | F23: =SUM(C23:E23)
B24: Film | C24: =COUNTIFS('Alle vragen'!$B:$B,$B24,'Alle vragen'!$C:$C,C$12) | D24: =COUNTIFS('Alle vragen'!$B:$B,$B24,'Alle vragen'!$C:$C,D$12) | E24: =COUNTIFS('Alle vragen'!$B:$B,$B24,'Alle vragen'!$C:$C,E$12) | F24: =SUM(C24:E24)
... B62: Woorden & Betekenissen | C62: =COUNTIFS('Alle vragen'!$B:$B,$B62,'Alle vragen'!$C:$C,C$12) | D62: =COUNTIFS('Alle vragen'!$B:$B,$B62,'Alle vragen'!$C:$C,D$12) | E62: =COUNTIFS('Alle vragen'!$B:$B,$B62,'Alle vragen'!$C:$C,E$12) | F62: =SUM(C62:E62)
B63: TOTAAL | C63: =SUM(C13:C62) | D63: =SUM(D13:D62) | E63: =SUM(E13:E62) | F63: =SUM(F13:F62)

Sheet Alle vragen
A1: Nr | B1: Categorie | C1: Niveau | D1: Vraag | E1: Antwoord
A2: 1 | B2: Aardrijkskunde | C2: Makkelijk | D2: Hoeveel werelddelen zijn er traditioneel? | E2: Zeven
A3: 2 | B3: Aardrijkskunde | C3: Makkelijk | D3: In welk land staat de Eiffeltoren? | E3: Frankrijk
A4: 3 | B4: Aardrijkskunde | C4: Makkelijk | D4: In welk werelddeel ligt Brazilië? | E4: Zuid-Amerika
A5: 4 | B5: Aardrijkskunde | C5: Makkelijk | D5: Wat is de hoofdstad van België? | E5: Brussel
A6: 5 | B6: Aardrijkskunde | C6: Makkelijk | D6: Wat is de hoofdstad van China? | E6: Peking
A7: 6 | B7: Aardrijkskunde | C7: Makkelijk | D7: Wat is de hoofdstad van Denemarken? | E7: Kopenhagen
A8: 7 | B8: Aardrijkskunde | C8: Makkelijk | D8: Wat is de hoofdstad van Duitsland? | E8: Berlijn
A9: 8 | B9: Aardrijkskunde | C9: Makkelijk | D9: Wat is de hoofdstad van Egypte? | E9: Caïro
A10: 9 | B10: Aardrijkskunde | C10: Makkelijk | D10: Wat is de hoofdstad van Finland? | E10: Helsinki
A11: 10 | B11: Aardrijkskunde | C11: Makkelijk | D11: Wat is de hoofdstad van Frankrijk? | E11: Parijs
A12: 11 | B12: Aardrijkskunde | C12: Makkelijk | D12: Wat is de hoofdstad van Griekenland? | E12: Athene
A13: 12 | B13: Aardrijkskunde | C13: Makkelijk | D13: Wat is de hoofdstad van Ierland? | E13: Dublin
... A4244: 4243 | B4244: Woorden & Betekenissen | C4244: Moeilijk | D4244: Welk woord betekent 'taai en hardnekkig volhardend'? | E4244: Hardnekkig volhardend
